 Dungeon Crawl Stone Soup version 0.30-a0-782-ge64f9170bb (webtiles) character file.

Game seed: 15646354204025611700

11 Leeroy the Slasher (level 2, -1/16 HPs)
             Began as a Vine Stalker Monk on Mar 7, 2023.
             Slain by a kobold
             ... wielding a +0 short sword
              (3 damage)
             ... on level 1 of the Dungeon.
             The game lasted 00:00:20 (187 turns).

Leeroy the Slasher (Vine Stalker Monk)               Turns: 187, Time: 00:00:21

Health: -1/16      AC:  2    Str: 13    XL:     2   Next: 25%
Magic:  0/3        EV: 12    Int: 10    God:
Gold:   0          SH:  0    Dex: 16    Spells: 1/1 levels left

rFire   . . .      SeeInvis .    a - +0 falchion
rCold   . . .      Faith    .    (no shield)
rNeg    . . .      Spirit   +    b - +0 robe
rPois   .          Reflect  .    (no helmet)
rElec   .          Harm     .    (no cloak)
rCorr   .          Rampage  .    (no gloves)
Will    .....                    (no boots)
Stlth   ++                       (no amulet)
HPRegen 0.22/turn                (no ring)
MPRegen 0.08/turn                (no ring)

@: no status effects
A: fangs 2, magic shield, antimagic bite, no potion heal 2
a: no special abilities


You were on level 1 of the Dungeon.
You visited 1 branch of the dungeon, and saw 1 of its levels.

Inventory:

Hand Weapons
 a - a +0 falchion (weapon)
Armour
 b - a +0 robe (worn)
Magical Staves
 e - a staff of poison
Scrolls
 d - a scroll of amnesia {unknown}
Potions
 c - a potion of ambrosia


   Skills:
 - Level 2.6 Fighting
 + Level 3.3 Long Blades
 - Level 2.4 Dodging
 - Level 2.4 Stealth


You had one spell level left.
You didn't know any spells.
Your spell library was empty.

Dungeon Overview and Level Annotations

Branches:
Dungeon (1/15)

Altars:


Innate Abilities, Weirdness & Mutations

You have extremely sharp teeth.
When hurt, damage is shared between your health and your magic reserves.
Your bite disrupts and absorbs the magic of your enemies.
Potions cannot restore your health.


Message History

The dart slug launches a dart at you. The slug dart hits you.
A kobold comes into view. It is wielding a +0 short sword.
Found a scroll labelled PERONG EGASS.
The kobold shouts!
The dart slug launches a dart at you. The slug dart hits you.
A kobold comes into view. It is wielding a +0 short sword.
Found 11 gold pieces.
Found 2 scrolls labelled PERONG EGASS.
The dart slug launches a dart at you. The slug dart hits you.
You are too injured to fight recklessly!
You are too injured to fight recklessly!
The kobold shouts!
The kobold hits you but does no damage.
You hit the kobold but do no damage. You bite the kobold, but do no damage.
The kobold hits you with a +0 short sword.
* * * LOW HITPOINT WARNING * * *
You hit the kobold but do no damage. You bite the kobold. You drain its power.
You feel invigorated.
The kobold is severely wounded.
The kobold closely misses you.
The dart slug bites you but does no damage.
The kobold closely misses you. The hobgoblin hits you.
The kobold closely misses you.
You barely miss the kobold.
The kobold is severely wounded.
The dart slug bites you.
* * * LOW HITPOINT WARNING * * *
The kobold hits you with a +0 short sword.
* * * LOW HITPOINT WARNING * * *
The hobgoblin hits you.
* * * LOW HITPOINT WARNING * * *
The kobold barely misses you.
You barely miss the kobold.
The kobold is severely wounded.
The kobold barely misses you.
The kobold hits you with a +0 short sword.
You die...

###⌠...⌠#...##.#...........#
.#.######.#............###.#
#.## ........#.#.....# ###
##......#)##....# .....
#.#.....# ).... #.#.##.##
...####.#.##...
##.#...g..##.###
.....#.@.......
......wKK....##
....?..........
.....#......###
.....#.......#
.....#...$...# ....
#......?# ... #######.#


You could see a dart slug, a hobgoblin and 2 kobolds.

Vanquished Creatures
  2 ball pythons (D:1)
  3 endoplasms (D:1)
  A goblin (D:1)
  A quokka (D:1)
  2 frilled lizards (D:1)
  A rat (D:1)
10 creatures vanquished.

Notes
Turn   | Place    | Note
-------+----------+-------------------------------------------
     0 | D:1      | Leeroy the Vine Stalker Monk began the quest for the Orb.
     0 | D:1      | Reached XP level 1. HP: 11/11 MP: 2/2
    54 | D:1      | Reached skill level 3 in Long Blades
    85 | D:1      | Reached XP level 2. HP: 13/16 MP: 3/3
   187 | D:1      | Slain by a kobold

Illustrated notes

Levels and vault maps discovered:
D:1:      amcnicky_arrival_gap_in_the_tavern_cellar, layout_basic,
          shapermc_ecumenical_altar_starsandcircs

Skill      XL: |  1 |
---------------+----+-----
Long Blades    | 3 |  3.3
Fighting       | |  2.6
Dodging        | |  2.4
Stealth        | |  2.4

Action                     || total
---------------------------++-------
  Melee: Falchion          ||    22
         Bite              ||     4
   Stab: Sleeping          ||     3
 Armour: Robe              ||     3
  Dodge: Dodged            ||    18

Table legend: (Time is in decaauts)
 A = Elapsed time spent in this place.
 B = Non-inter-level travel time spent in this place.
 C = Inter-level travel time spent in this place.
 D = Time resting spent in this place.
 E = Time spent auto-exploring this place.
 F = Levels seen in this place.
 G = Mean time per level.
                   A        B        C        D        E       F      G
               +--------+--------+--------+--------+--------+-----+--------+
         Total |    190 |    190 |      0 |      0 |    104 |   1 |  190.0 |
       Dungeon |    190 |    190 |      0 |      0 |    104 |   1 |  190.0 |
               +--------+--------+--------+--------+--------+-----+--------+

Top non-repeatable levels by time:
     D:1: 190 daAuts
